 Dungeon Crawl Stone Soup version 0.24-a0-462-ge24419a6ad (webtiles) character file.

Game seed: 16487192826259539268

204587 forest the Unseen (level 18, -1/98 HPs)
             Began as a Spriggan Assassin on June 30, 2019.
             Was the Champion of Dithmenos.
             Slain by a spark wasp (14 damage)
             ... on level 15 of the Dungeon on July 1, 2019.
             The game lasted 04:12:05 (65955 turns).

forest the Unseen (Spriggan Assassin)              Turns: 65955, Time: 04:12:06

Health: -1/98      AC: 15    Str: 17    XL:     18   Next: 1%
Magic:  29/29      EV: 31    Int: 15    God:    Dithmenos [******]
Gold:   1469       SH: 12    Dex: 22    Spells: 6/31 levels left

rFire    . . .     SeeInvis +   u - +5 rapier
rCold    . . .     Gourm    .   a - +3 buckler {AC+3}
rNeg     . . .     Faith    .   d - +0 swamp dragon scales
rPois    +         Spirit   .   (helmet restricted)
rElec    .         Reflect  .   Y - scarf {cloud immunity}
rCorr    .         Harm     .   (gloves unavailable)
MR       ++++.                  (boots unavailable)
Stlth    ++++++++++             J - amulet of the acrobat
HPRegen  0.26/turn              c - +5 ring of strength
MPRegen  0.21/turn              j - +3 ring of protection

@: about to teleport, wreathed by umbra, very quick
A: very small, unfitting armour, see invisible, agile 1, herbivore, speed 3,
magic resistance 1, slow metabolism 2, strong 1, MP-powered wands
}: 1/15 runes: decaying
a: Shadow Step, Shadow Form, Renounce Religion


You were on level 15 of the Dungeon.
You worshipped Dithmenos.
Dithmenos was exalted by your worship.
You were not hungry.

You visited 6 branches of the dungeon, and saw 29 of its levels.

You collected 2926 gold pieces.
You spent 1457 gold pieces at shops.

Inventory:

Hand Weapons
 o - a +4 hunting sling
 u - a +5 rapier (weapon)
Missiles
 h - 488 stones (quivered)
 p - 80 sling bullets
Armour
 a - a +3 buckler of protection (worn)
 d - +0 swamp dragon scales (worn)
 l - +1 storm dragon scales
 P - a +0 troll leather armour
 Y - a scarf of cloud immunity (worn)
Jewellery
 c - a +5 ring of strength (left hand)
 j - a +3 ring of protection (right hand)
 J - an amulet of the acrobat (around neck)
 R - an uncursed ring of poison resistance
 Z - an uncursed ring of flight
Wands
 t - a wand of flame (42)
 y - a wand of digging (23)
 G - a wand of polymorph (25)
 I - a wand of acid (17)
 M - a wand of disintegration (43)
 O - a wand of iceblast (17)
 Q - a wand of clouds (2)
 T - a wand of paralysis (4)
 X - a wand of enslavement (9)
Scrolls
 e - a scroll of summoning
 k - 5 scrolls of remove curse
 n - 4 scrolls of blinking
 r - 4 scrolls of fear
 v - a scroll of magic mapping
 z - 2 scrolls of enchant armour
 A - 2 scrolls of fog
 B - 5 scrolls of identify
 D - 8 scrolls of teleportation
Potions
 b - 2 potions of invisibility
 g - 4 potions of haste
 q - 2 potions of ambrosia
 s - 3 potions of heal wounds
 w - 2 potions of resistance
 x - 8 potions of curing
 H - 5 potions of agility
 S - a potion of mutation
 U - a potion of berserk rage
 V - 4 potions of flight
 W - a potion of might
Miscellaneous
 i - a sack of spiders
 m - a fan of gales
 C - a phantom mirror
 F - a fan of gales
 K - a fan of gales
 L - 2 boxes of beasts
Comestibles
 f - 12 rations


   Skills:
 + Level 12.5 Fighting
 + Level 14.0 Short Blades
 + Level 15.9(16.1) Slings
 + Level 3.7(9.9) Throwing
 + Level 6.6 Armour
 + Level 15.1 Dodging
 + Level 20.4 Stealth
 + Level 7.5 Shields
 + Level 7.0 Spellcasting
 + Level 6.9 Hexes
 + Level 0.4 Translocations
 + Level 0.4 Evocations


You had 6 spell levels left.
You knew the following spells:

 Your Spells              Type           Power        Failure   Level  Hunger
a - Confusing Touch       Hex            ####..       1%          1    None
b - Apportation           Tloc           #.....       19%         1    None
c - Passwall              Tmut/Erth      #.......     32%         2    None
d - Confuse               Hex            ####....     3%          3    ##.....
e - Slow                  Hex            ####....     1%          2    None
f - Blink                 Tloc           N/A          28%         2    None
g - Mephitic Cloud        Conj/Pois/Air  #.......     54%         3    ##.....
h - Cause Fear            Hex            ####......   13%         4    ####...
i - Darkness              Hex            ####......   89%         6    #######
j - Corona                Hex            ####...      1%          1    None

Your spell library contained the following spells:

 Spells                   Type           Power        Failure   Level  Hunger
 Portal Projectile        Hex/Tloc       ###...       14%         3    ##.....
 Dazzling Spray           Conj/Hex       ###...       16%         3    ##.....
 Inner Flame              Hex/Fire       ###.....     16%         3    ##.....
 Animate Skeleton         Necr           N/A          22%         1    None
 Flame Tongue             Conj/Fire      #....        22%         1    None
 Magic Dart               Conj           #...         22%         1    None
 Sandblast                Erth           #.....       22%         1    None
 Summon Butterflies       Summ           #.......     22%         1    None
 Summon Small Mammal      Summ           #...         22%         1    None
 Call Imp                 Summ           #.......     32%         2    None
 Searing Ray              Conj           #.....       32%         2    None
 Swiftness                Chrm/Air       #.......     32%         2    None
 Leda's Liquefaction      Hex/Erth       ###.......   45%         4    ####...
 Fulminant Prism          Conj/Hex       ###.......   47%         4    ####...
 Gell's Gravitas          Tloc           #.........   50%         3    ##.....
 Call Canine Familiar     Summ           #.......     54%         3    ##.....
 Conjure Flame            Conj/Fire      #.......     54%         3    ##.....
 Stone Arrow              Conj/Erth      #.....       54%         3    ##.....
 Yara's Violent Unravell  Hex/Tmut       ###.......   82%         5    #####..
 Metabolic Englaciation   Hex/Ice        ###.......   83%         5    #####..
 Summon Mana Viper        Hex/Summ       ###.....     83%         5    #####..
 Passage of Golubria      Tloc           N/A          88%         4    ####...
 Invisibility             Hex            ####....     89%         6    #######
 Force Lance              Conj/Tloc      #.......     90%         4    ####...
 Iskenderun's Mystic Bla  Conj           #.......     91%         4    ####...
 Petrify                  Tmut/Erth      #.......     91%         4    ####...
 Summon Ice Beast         Ice/Summ       #.......     91%         4    ####...
 Lee's Rapid Deconstruct  Erth           #.........   99%         5    #####..
 Bolt of Fire             Conj/Fire      #.........   100%        6    #######
 Hydra Form               Tmut           #.........   100%        6    #######
 Iron Shot                Conj/Erth      #.........   100%        6    #######
 Statue Form              Tmut/Erth      #........    100%        6    #######
 Dragon Form              Tmut           #.........   100%        7    #######
 Summon Hydra             Summ           #.........   100%        7    #######
 Dragon's Call            Summ           #.........   100%        9    #######


Dungeon Overview and Level Annotations

Branches:
Dungeon (15/15)            Temple (0/1) D:6            Lair (6/6) D:9
  Swamp (4/4) Lair:2        Snake (0/4) Lair:3        Slime (0/5) Lair:6
    Orc (2/2) D:10            Elf (1/3) Orc:2        Vaults (0/5) D:14
 Depths (1/5) D:15

Altars:
Cheibriados
Dithmenos
Elyvilon
Gozag
Makhleb
Trog
Vehumet
Xom
Beogh
Jiyva

Shops:
D:5 *   Orc:2 %[=?

Portals:
Trove: D:14 (give 9 potions of agility)

Annotations:
D:10 conein's ghost, journeyman DDFi
D:15 2 transporters, akello96's ghost, journeyman DsNe


Innate Abilities, Weirdness & Mutations

You are very small and have problems with some larger weapons.
You are too small for most types of armour.
You have supernaturally acute eyesight. (SInv)
You are a herbivore.
You cover ground extremely quickly.
You need to consume almost no food.
You are agile. (Dex +2)
You are resistant to hostile enchantments. (MR+)
Your muscles are strong. (Str +2)
You expend magic power (3 MP) to strengthen your wands.


Message History

You see here a bolt.
You hit the spark wasp.
The spark wasp is lightly wounded.
Your shadow hits the spark wasp but does no damage.
You puncture the spark wasp!
The spark wasp is lightly wounded.
The spark wasp stings you!! The spark wasp shocks you!
You emit a cloud of dark smoke.
The spark wasp barely misses you.
You climb upwards.
Welcome back to the Dungeon!
Level annotation: 2 transporters, akello96's ghost, journeyman DsNe
There is a staircase to the Depths, spattered with blood here.
Things that are here:
a +0 centaur barding; 15 bolts; a +0 arbalest
As you read the scroll of teleportation, it crumbles to dust.
You feel strangely unstable. The spark wasp closely misses you.
The spark wasp stings you!!
* * * LOW HITPOINT WARNING * * *
You emit a cloud of dark smoke.
The spark wasp shocks you!
You die...

#########
#('§.§'(#
#.#y@§#.#
#.#§§§#.#
#.#####.#
#.≈...≈.#
#.≈...≈.#
#.≈.≈.≈.#
#.#.#.#.#
#≈..#..≈#
###
#≈≈...≈≈#


You could see a spark wasp.

Vanquished Creatures
  Saint Roka (Orc:2)
  the Lernaean hydra (Swamp:4)
  Rupert (Lair:6)
  Jorgrun (D:14)
  Kirke (D:14)
  5 thorn hunters
  Donald (Orc:1)
  Roxanne (Swamp:3)
  Aizul (Swamp:2)
  Louise (Swamp:2)
  A deep elf annihilator (Elf:1)
  2 deep elf demonologists (Elf:1)
  2 ettins
  Snorg (Orc:1)
  Josephine (Orc:1)
  A deep elf death mage (Elf:1)
  A deep elf high priest (Elf:1)
  Fannar (Orc:1)
  A yaktaur captain (D:15)
  An ice dragon (Depths:1)
  Harold (D:7)
  A rakshasa (Depths:1)
  4 ghost crabs
  Erolcha (D:9)
  26 hydras
  3 centaur warriors
  The ghost of Azzok the Victor of a Thousand Battles, a journeyman FoFi of Okawaru (D:10)
  2 catoblepae
  12 alligators
  3 dancing weapons (Elf:1)
  15 death yaks
  25 two-headed ogres
  A death knight (D:13)
  4 ogre magi
  An orc high priest (Elf:1)
  2 tengu warriors
  Urug (Orc:1)
  6 deep elf knights
  5 hell knights (D:14)
  A skeletal warrior (D:14)
  3 unseen horrors
  2 deep trolls (Orc:1)
  7 swamp dragons
  A flayed ghost (Depths:1)
  Pikel (D:4)
  4 deep elf archers (Elf:1)
  A lindwurm (Lair:4)
  2 necromancers (D:14)
  An orc sorcerer (Orc:1)
  10 deep elf magi
  4 orc knights
  4 oklob plants (Lair:2)
  A mana viper (shapeshifter) (D:14)
  3 manticores
  A salamander (shapeshifter) (D:15)
  4 cyclopes
  7 ugly things
  A centaur zombie (D:11)
  A moth of wrath (D:10)
  A black mamba (shapeshifter) (D:13)
  5 elephants (Lair:5)
  3 black mambas
  A gargoyle (D:14)
  6 centaur skeletons
  A torpor snail (Lair:4)
  24 spiny frogs
  A spiny frog (shapeshifter) (D:15)
  An efreet (D:15)
  6 kobold demonologists
  3 yaktaurs
  8 komodo dragons
  2 rime drakes
  3 tengu conjurers
  15 trolls
  8 tyrant leeches
  A hornet (Swamp:1)
  11 polar bears
  8 hippogriffs
  11 slime creatures
  A dream sheep (shapeshifter) (D:13)
  5 blink frogs (Lair:1)
  14 dream sheep
  12 bog bodies
  Grinder (D:4)
  A raiju (Lair:6)
  6 wraiths
  2 shadows
  7 wyverns
  A spriggan (Swamp:1)
  4 water elementals
  Sigmund (D:3)
  A fire elemental (Lair:1)
  A fire bat (Lair:1)
  A hog (D:14)
  42 yaks
  A vampire (D:10)
  2 basilisks
  A steam dragon (shapeshifter) (Elf:1)
  21 vampire mosquitoes
  4 hungry ghosts
  8 insubstantial wisps
  7 wargs
  14 swamp worms
  Menkaure (D:7)
  An acid dragon (D:12)
  A two-headed ogre zombie (D:10)
  2 nagas (Lair:3)
  21 hell hounds
  2 soldier ants
  3 porcupines
  14 water moccasins
  15 black bears
  12 swamp drakes
  40 orc warriors
  5 sky beasts
  A hornet zombie (D:8)
  3 ice beasts
  7 phantoms
  A black bear (shapeshifter) (D:15)
  7 necrophages
  28 ogres
  An eye of draining (shapeshifter) (Depths:1)
  12 wolves (Lair:6)
  10 centaurs
  6 crocodiles
  18 big kobolds
  Blork the orc (D:6)
  23 bullfrogs
  A wyvern zombie (D:13)
  3 jellies
  2 scorpions
  2 troll zombies (D:10)
  6 killer bees
  8 wights (D:8)
  3 electric eels
  4 howler monkeys
  10 crimson imps
  A quasit (D:9)
  3 bullfrog zombies
  8 hounds
  39 orc wizards
  19 orc priests
  Jessica (D:3)
  2 bullfrog skeletons
  5 iguanas
  A hell rat (D:9)
  10 worker ants
  5 ogre zombies (D:10)
  A hound skeleton (D:4)
  2 worker ant zombies
  10 adders
  7 gnolls
  5 shadow imps
  An ooze (D:2)
  2 adder skeletons (D:6)
  An adder zombie (D:6)
  5 worms
  2 dart slugs
  4 leopard geckos
  118 orcs
  A ball python (D:1)
  7 bats
  3 giant cockroaches
  8 goblins
  9 hobgoblins
  10 jackals
  5 quokkas
  4 frilled lizards
  3 goblin skeletons (D:10)
  A goblin zombie (D:10)
  3 hobgoblin skeletons (D:10)
  3 hobgoblin zombies (D:10)
  31 kobolds
  A leopard gecko zombie (D:8)
  2 orc skeletons (D:10)
  13 orc zombies (D:10)
  2 quokka skeletons
  4 rats
  A bush (D:11)
  A plant (Lair:2)
1114 creatures vanquished.

Vanquished Creatures (others)
  An alligator (Swamp:3)
  A deep elf knight (Elf:1)
  A water elemental (D:13)
  2 humans (D:14)
  A wolf (Lair:6)
  A howler monkey (D:4)
  An orc (D:14)
  11 fungi
  18 plants
37 creatures vanquished.

Grand Total: 1151 creatures vanquished

Notes
Turn   | Place    | Note
-------+----------+-------------------------------------------
     0 | D:1      | forest the Spriggan Assassin began the quest for the Orb.
     0 | D:1      | Reached XP level 1. HP: 10/10 MP: 2/2
     9 | D:1      | Reached skill level 6 in Stealth
   162 | D:1      | Reached XP level 2. HP: 14/14 MP: 3/3
   775 | D:1      | Reached skill level 7 in Stealth
   990 | D:1      | Reached XP level 3. HP: 18/18 MP: 4/4
  1177 | D:2      | You fall into a shaft and drop 1 floor!
  1178 | D:3      | Noticed Sigmund
  1182 | D:3      | Killed Sigmund
  1182 | D:3      | Reached skill level 8 in Stealth
  1182 | D:3      | Reached XP level 4. HP: 23/23 MP: 5/5
  1182 | D:3      | Reached XP level 5. HP: 26/26 MP: 6/6
  1239 | D:3      | Noticed an ice beast
  1318 | D:3      | Noticed Jessica
  1572 | D:2      | Reached skill level 1 in Slings
  2242 | D:1      | Reached XP level 6. HP: 25/30 MP: 7/7
  2347 | D:2      | Reached skill level 9 in Stealth
  2784 | D:3      | Killed Jessica
  2951 | D:3      | Killed an ice beast
  3104 | D:4      | Reached XP level 7. HP: 35/35 MP: 8/8
  3699 | D:4      | Reached skill level 5 in Slings
  3749 | D:4      | Noticed Grinder
  3778 | D:4      | HP: 1/35 [Grinder/nerve-wracking pain (13)]
  3779 | D:4      | Killed Grinder
  4179 | D:4      | Found a burning altar of Makhleb.
  4188 | D:4      | Learned a level 1 spell: Confusing Touch
  4190 | D:4      | Learned a level 1 spell: Apportation
  4233 | D:4      | Noticed Pikel
  4312 | D:4      | Killed Pikel
  4312 | D:4      | Reached XP level 8. HP: 12/40 MP: 9/9
  4822 | D:5      | Entered Level 5 of the Dungeon
  4962 | D:5      | Reached skill level 10 in Stealth
  5538 | D:5      | Reached skill level 5 in Short Blades
  5858 | D:5      | Found Qucyif's General Store.
  5864 | D:5      | Bought 2 potions of heal wounds for 130 gold pieces
  6144 | D:6      | Found a white marble altar of Elyvilon.
  6144 | D:6      | Found a shadowy altar of Dithmenos.
  6144 | D:6      | Found a shimmering altar of Xom.
  6144 | D:6      | Found a snail-covered altar of Cheibriados.
  6147 | D:6      | Became a worshipper of Dithmenos the Shadowed
  6154 | D:6      | Noticed Blork the orc
  6189 | D:6      | Killed Blork the orc
  6276 | D:6      | Reached XP level 9. HP: 45/45 MP: 8/10
  6476 | D:6      | Reached skill level 1 in Spellcasting
  6614 | D:6      | Found a radiant altar of Vehumet.
  6621 | D:6      | Noticed a two-headed ogre
  6698 | D:6      | Reached skill level 1 in Hexes
  6979 | D:5      | Killed a two-headed ogre
  6979 | D:5      | Reached skill level 10 in Slings
  6979 | D:5      | Reached skill level 5 in Dodging
  6979 | D:5      | Reached skill level 11 in Stealth
  7298 | D:6      | Learned a level 2 spell: Passwall
  7371 | D:6      | Reached * piety under Dithmenos
  7579 | D:6      | Found a staircase to the Ecumenical Temple.
  8079 | D:7      | Noticed Harold
  8385 | D:7      | Killed Harold
  8385 | D:7      | Reached XP level 10. HP: 24/51 MP: 14/14
  8585 | D:7      | Noticed Menkaure
  9285 | D:7      | Killed Menkaure
  9853 | D:7      | Reached skill level 5 in Fighting
  9989 | D:8      | Noticed a two-headed ogre
 10340 | D:7      | Killed a two-headed ogre
 10474 | D:8      | Noticed a two-headed ogre
 10628 | D:8      | Killed a two-headed ogre
 10946 | D:8      | Reached ** piety under Dithmenos
 12504 | D:8      | Reached skill level 12 in Stealth
 12647 | D:8      | Reached XP level 11. HP: 55/55 MP: 15/15
 12798 | D:8      | Noticed a two-headed ogre
 12925 | D:8      | Killed a two-headed ogre
 14119 | D:9      | Noticed a three-headed hydra
 14177 | D:9      | Killed a three-headed hydra
 14307 | D:9      | Noticed a death yak
 14308 | D:9      | Found a staircase to the Lair.
 14309 | D:9      | Noticed a death yak
 14312 | D:9      | Noticed a death yak
 14315 | D:9      | Noticed Erolcha
 14321 | D:9      | Killed a death yak
 14409 | D:8      | Killed a death yak
 15118 | D:8      | Killed a death yak
 15350 | D:9      | Reached *** piety under Dithmenos
 15610 | D:9      | Killed Erolcha
 15610 | D:9      | Reached skill level 13 in Stealth
 16315 | D:9      | Noticed a two-headed ogre
 16320 | D:9      | Killed a two-headed ogre
 16918 | D:10     | Entered Level 10 of the Dungeon
 17388 | D:10     | Found a transporter.
 17391 | D:10     | Noticed a two-headed ogre
 17419 | D:10     | Found a bloodstained altar of Trog.
 17419 | D:10     | Noticed Azzok's ghost (journeyman FoFi)
 17421 | D:10     | Noticed a two-headed ogre
 17421 | D:10     | Identified the +8 dire flail of Ascent {antimagic, +Blink
                  | Dex+5}
 17421 | D:10     | Noticed a tengu warrior
 17425 | D:10     | Found a transporter.
 17458 | D:10     | Reached XP level 12. HP: 62/62 MP: 18/18
 18002 | D:10     | Reached **** piety under Dithmenos
 18475 | D:10     | Found a staircase to the Orcish Mines.
 18819 | D:10     | Noticed a two-headed ogre
 18824 | D:10     | Killed a two-headed ogre
 19454 | D:11     | Found a runed translucent gate.
 19459 | D:11     | Reached ***** piety under Dithmenos
 19461 | D:11     | Found a runed translucent gate.
 19462 | D:11     | Found a runed translucent gate.
 19462 | D:11     | Noticed conein's ghost (journeyman DDFi)
 19810 | D:11     | Found an opulent altar of Gozag.
 20504 | D:11     | Reached skill level 14 in Stealth
 21005 | Orc:1    | Entered Level 1 of the Orcish Mines
 21790 | Orc:1    | Reached skill level 1 in Armour
 21958 | Orc:1    | Noticed Fannar
 22219 | Orc:1    | Killed Fannar
 22219 | Orc:1    | Reached skill level 10 in Dodging
 22390 | Orc:1    | Found a roughly hewn altar of Beogh.
 22565 | Orc:2    | Entered Level 2 of the Orcish Mines
 22622 | Orc:2    | Found a staircase to the Elven Halls.
 22622 | Orc:2    | Noticed Donald
 22733 | Orc:2    | Noticed Snorg
 22840 | Orc:2    | Noticed a two-headed ogre
 23047 | Orc:1    | Killed Snorg
 23149 | Orc:2    | Noticed a two-headed ogre
 23149 | Orc:2    | Noticed Urug
 23149 | Orc:2    | Noticed a two-headed ogre
 23165 | Orc:1    | Killed a two-headed ogre
 23230 | Orc:2    | Noticed Saint Roka
 23421 | Lair:1   | Entered Level 1 of the Lair of Beasts
 23501 | D:12     | Reached XP level 13. HP: 51/68 MP: 20/20
 24481 | D:13     | Upgraded the game from 0.24-a0-459-g225fefd530 to
                  | 0.24-a0-462-ge24419a6ad
 25297 | D:13     | Reached ****** piety under Dithmenos
 25416 | D:13     | Reached skill level 15 in Stealth
 25500 | D:13     | Reached skill level 10 in Short Blades
 25944 | Orc:1    | Killed Donald
 27047 | Orc:2    | Noticed an ettin
 27113 | Orc:2    | HP: 2/69 [Saint Roka/divine providence (14)]
 27211 | Orc:1    | Killed an ettin
 27875 | Orc:1    | Killed Urug
 28813 | Orc:2    | Reached XP level 14. HP: 53/74 MP: 21/21
 30204 | Orc:2    | Noticed Josephine
 30867 | Orc:1    | Killed Josephine
 30968 | Orc:1    | Reached skill level 10 in Fighting
 31596 | Orc:2    | Found Wuvongug's Food Boutique.
 31601 | Orc:2    | Found Yrouf's Jewellery Shoppe.
 31602 | Orc:2    | Found Pijurhiz's Magic Scroll Emporium.
 31602 | Orc:2    | Found Wuck's Antique Armour Shoppe.
 31630 | Orc:2    | Bought an uncursed ring of flight for 192 gold pieces
 31671 | Orc:2    | Bought a glowing buckler for 187 gold pieces
 32411 | Orc:2    | Killed Saint Roka
 32411 | Orc:2    | Reached skill level 16 in Stealth
 32465 | Elf:1    | Entered Level 1 of the Elven Halls
 33846 | D:13     | Reached skill level 5 in Hexes
 34402 | D:14     | Reached skill level 1 in Shields
 34465 | D:14     | Found the +9 staff of Olgreb {rPois}
 34498 | D:14     | Found a gate to the Vaults.
 34529 | D:14     | Reached skill level 17 in Stealth
 34585 | D:14     | Noticed Kirke
 34635 | D:14     | Killed Kirke
 35061 | D:14     | Reached XP level 15. HP: 78/81 MP: 23/23
 35314 | D:14     | Reached skill level 15 in Slings
 35410 | D:14     | Learned a level 3 spell: Confuse
 35415 | D:14     | Reached skill level 5 in Spellcasting
 35639 | D:14     | Found a roughly hewn altar of Beogh.
 35660 | D:14     | Noticed Jorgrun
 35839 | D:14     | Killed Jorgrun
 36095 | D:14     | Learned a level 2 spell: Slow
 36098 | D:14     | Learned a level 2 spell: Blink
 36102 | D:14     | Learned a level 3 spell: Mephitic Cloud
 36160 | D:14     | Found a portal to a secret trove of treasure.
 36295 | D:15     | Entered Level 15 of the Dungeon
 37099 | D:15     | Learned a level 4 spell: Cause Fear
 37294 | D:15     | Found a staircase to the Depths.
 37353 | D:15     | Found a transporter.
 37364 | D:15     | Noticed akello96's ghost (journeyman DsNe)
 37365 | D:15     | Found a bloodstained altar of Trog.
 37371 | D:15     | Identified the +6 demon trident of Pride {protect, rC+ MR++
                  | Dex-4 Stlth+}
 37386 | D:15     | Found a transporter.
 37911 | Elf:1    | Reached skill level 18 in Stealth
 38367 | Lair:1   | Found a transporter.
 38471 | Lair:1   | Found a transporter.
 39847 | Lair:2   | Found a staircase to the Swamp.
 41971 | Lair:2   | Identified Sif Muna's Grimoire of Mutagenic Intoxication
 42266 | Orc:2    | Bought a scroll of acquirement for 728 gold pieces
 42433 | Lair:3   | Gained mutation: You are resistant to hostile enchantments.
                  | (MR+) [potion of mutation]
 42433 | Lair:3   | Gained mutation: Your muscles are strong. (Str +2) [potion
                  | of mutation]
 42433 | Lair:3   | Gained mutation: You are agile. (Dex +2) [potion of
                  | mutation]
 42433 | Lair:3   | Gained mutation: You expend magic power (3 MP) to
                  | strengthen your wands. [potion of mutation]
 42467 | Lair:3   | Found a staircase to the Snake Pit.
 42685 | Lair:3   | Learned a level 6 spell: Darkness
 44927 | Lair:5   | Reached XP level 16. HP: 36/87 MP: 25/25
 45421 | Lair:5   | Reached skill level 19 in Stealth
 45970 | Lair:6   | Entered Level 6 of the Lair of Beasts
 46529 | Lair:6   | Learned a level 1 spell: Corona
 46692 | Lair:6   | Found a staircase to the Slime Pits.
 46693 | Lair:6   | Found a viscous altar of Jiyva.
 47729 | Lair:6   | Noticed Rupert
 47751 | Lair:6   | Killed Rupert
 48020 | Lair:6   | Reached skill level 5 in Shields
 48348 | Lair:6   | Reached skill level 5 in Armour
 50896 | Swamp:1  | Entered Level 1 of the Swamp
 51072 | Orc:2    | Bought an uncursed ring of poison resistance for 220 gold
                  | pieces
 51876 | Depths:1 | Entered Level 1 of the Depths
 51909 | Depths:1 | Noticed a lich
 52882 | D:10     | Killed Azzok's ghost
 56399 | Swamp:2  | Noticed Louise
 56403 | Swamp:2  | Killed Louise
 56832 | Swamp:2  | Noticed a thorn hunter
 56844 | Swamp:2  | Killed a thorn hunter
 57403 | Swamp:2  | Reached XP level 17. HP: 92/93 MP: 25/27
 58268 | Swamp:2  | Noticed Aizul
 58275 | Swamp:2  | Killed Aizul
 60087 | Swamp:3  | Identified Roxanne's Reference Book on the Mountains
 60087 | Swamp:3  | Noticed Roxanne
 60142 | Swamp:3  | Killed Roxanne
 60257 | Swamp:4  | Entered Level 4 of the Swamp
 60940 | Swamp:3  | Reached skill level 20 in Stealth
 62551 | Swamp:4  | Reached skill level 15 in Dodging
 62842 | Swamp:4  | Noticed the 27-headed Lernaean hydra
 62846 | Swamp:4  | Killed the 27-headed Lernaean hydra
 62850 | Swamp:4  | Got a decaying rune of Zot
 65640 | D:15     | Reached XP level 18. HP: 98/98 MP: 29/29
 65955 | D:15     | Slain by a spark wasp

Levels and vault maps discovered:
D:1:      dpeg_arrival_shelter, layout_loops_cross
D:2:      layout_basic, first_ration
D:3:      layout_rooms, uniq_sigmund, uniq_jessica
D:4:      layout_basic, makhleb_blood_cavern_becter, nicolae_underground_beach,
          uniq_grinder, uniq_pikel
D:5:      layout_basic, serial_shops, nicolae_shop_competitors_out_of_business,
          water_boxes_lemuel
D:6:      layout_basic, vehumet_crystals,
          chequers_temple_overflow_statue_of_worship,
          minmay_temple_entry_enclosed_plants, chequers_serial_rivers_small_3,
          mrwooster_statue_mirror, uniq_blork_the_orc
D:7:      layout_basic, uniq_menkaure, uniq_harold
D:8:      layout_basic, serial_undead, serial_undead_e, serial_undead_b,
          serial_undead_d, serial_undead_d, serial_undead_d, serial_undead_a
D:9:      layout_basic, dpeg_lair_monsters, hangedman_ranch
          [blue_anna_fruit_fields], uniq_erolcha
D:10:     layout_irregular_city, zombieorc2_lemuel,
          gammafunk_ghost_wrathful_warriors
D:11:     layout_cave_pools, basic_altar, gammafunk_ghost_nasty_kobolds,
          minmay_hedge_maze
D:12:     layout_stronghold
D:13:     layout_basic, chequers_serial_rivers_micro_e, nzn_random_ring
D:14:     layout_roguey [special_room_orc],
          hangedman_vaults_entry_quadrant_bands, dk_noncrumbling_4,
          trove_entry_hex_spiral, minmay_rotating_lava, uniq_kirke, uniq_jorgrun
D:15:     grunt_enter_depths_snipers, layout_basic,
          hangedman_decor_diamond_cutter, serial_rivers,
          chequers_serial_rivers_micro_b, chequers_serial_rivers_small_b,
          chequers_serial_rivers_micro_c, chequers_serial_rivers_small_a,
          chequers_serial_rivers_micro_c, gammafunk_ghost_wrathful_warriors
Lair:1:   gammafunk_cloud_chamber, layout_regular_city, enter_volcano_1,
          st_stairs_7, lemuel_fruit_fields
Lair:2:   layout_layer_cave, minmay_swamp_entry_swarm,
          chequers_serial_rivers_micro_e, grunt_megastairs_3,
          lemuel_fruit_fields, minmay_lair_oklob_chamber
Lair:3:   layout_big_grid, guppyfry_snake_entry_island,
          chequers_serial_rivers_small_a, minivault_24, lemuel_fruit_tree
Lair:4:   layout_loops_ring
Lair:5:   layout_loops_ring
Lair:6:   hangedman_lair_caniforms_friends, layout_cave_pods, slime_altar_1,
          grunt_megastairs_2, uniq_rupert
Swamp:1:  layout_basic_swamp, infiniplex_staircase_pool_2
Swamp:2:  layout_falls_marsh, hangedman_swamp_diagram, uniq_aizul, uniq_louise
Swamp:3:  cheibrodos_swamp_heart_of_darkness, layout_basic_swamp,
          evilmike_swamp_ruin_rubble_2, uniq_roxanne
Swamp:4:  grunt_swamp_rune_castle, layout_basic_swamp
Orc:1:    layout_diamond_mine, basic_altar, uniq_fannar
Orc:2:    st_orc_open, layout_diamond_mine, uniq_snorg, uniq_urug,
          uniq_josephine, uniq_saint_roka, uniq_donald
Elf:1:    elf_arrival_001, layout_loops_corners, serial_shops, shop,
          orc_legates, minmay_misc_feat_ornament, drop_trap, minmay_shop_grove,
          uniq_frances
Depths:1: minmay_the_grid_net [minmay_the_grid_outer_circle,
          minmay_the_grid_small_cups, minmay_the_grid_holed_spiral,
          minmay_the_grid_empty, minmay_the_grid_stretched_grid,
          minmay_the_grid_prize_four_corners], layout_honeycomb,
          enter_ziggurat_d, rand_demon_pan_entry_1, moated_statue,
          abyss_entry_crystal, grunt_mini_vestibule

Skill      XL: |  1  2  3  4  5  6  7  8  9 10 11 12 13 14 15 16 17 |
---------------+----------------------------------------------------+-----
Stealth        | 6 7 8 9 10 11 12 13 14 15 17 18 19 20 | 20.4
Fighting       | 2 3 4 5 7 8 9 10 11 12 | 12.5
Short Blades   | 3 4 5 6 7 9 10 11 12 14 | 14.0
Dodging        | 2 3 4 5 6 7 10 11 12 14 15 | 15.1
Slings         | 2 4 7 9 10 12 13 14 15 | 15.9
Spellcasting   | 2 3 4 5 6 7 |  7.0
Hexes          | 1 2 3 4 5 6 |  6.9
Throwing       | 3 |  3.7
Armour         | 2 3 4 6 |  6.6
Shields        | 1 3 6 7 |  7.5
Translocations | |  0.4
Evocations     | |  0.4

Action                   |  1- 3 |  4- 6 |  7- 9 | 10-12 | 13-15 | 16-18 || total
-------------------------+-------+-------+-------+-------+-------+-------++-------
Melee: Dagger            |    68 |    78 |   265 |   211 |       |       ||   622
       Short sword       |       |       |       |   932 |  2106 |  1497 ||  4535
       Hunting sling     |       |       |       |       |     1 |       ||     1
       Rapier            |       |       |       |       |       |  1027 ||  1027
 Fire: Hunting sling     |       |    93 |   216 |   763 |   979 |   434 ||  2485
Throw: Dart              |       |     2 |    10 |    20 |    14 |     2 ||    48
 Cast: Confusing Touch   |       |       |    12 |    19 |    29 |    45 ||   105
       Apportation       |       |       |     2 |       |       |       ||     2
       Passwall          |       |       |       |     2 |       |       ||     2
       Confuse           |       |       |       |       |    20 |       ||    20
       Blink             |       |       |       |       |     2 |       ||     2
 Abil: Evoke Flight      |       |       |       |       |     3 |       ||     3
  Use: Potion            |       |       |     3 |       |     7 |     7 ||    17
       Scroll            |       |       |     7 |     2 |    25 |     9 ||    43
 Stab: Sleeping          |    11 |     8 |    12 |    43 |    88 |    38 ||   200
       Confused          |       |       |     9 |    15 |    20 |    44 ||    88
       Distracted        |       |       |     1 |     5 |    17 |    11 ||    34
       Invisible         |       |       |       |       |     7 |       ||     7
  Eat: Ration            |       |       |     3 |     8 |    13 |    13 ||    37
Armor: Robe              |     4 |    20 |    36 |    37 |       |       ||    97
       Troll leather arm |       |       |       |    27 |   112 |       ||   139
       Storm dragon scal |       |       |       |       |    62 |   436 ||   498
       Swamp dragon scal |       |       |       |       |       |    68 ||    68
Dodge: Dodged            |    35 |    86 |   230 |  1157 |  1622 |  1758 ||  4888
Block: Buckler           |       |       |       |       |   434 |  1220 ||  1654

Table legend:
 A = Non-vault XP
 B = Vault XP
 C = Vault XP percentage of total XP
 D = Non-vault monster count
 E = Vault monster count
 F = Vault count percentage of total count
                 A         B        C        D         E       F
            +---------+---------+-------+---------+---------+-------
      Total |  157683 |  133785 |  45.9 |     730 |     384 |  34.5
            +---------+---------+-------+---------+---------+-------
        D:1 |      62 |       0 |   0.0 |      27 |       0 |   0.0
        D:2 |     109 |       0 |   0.0 |      21 |       0 |   0.0
        D:3 |     285 |     245 |  46.2 |      21 |       2 |   8.7
        D:4 |     351 |     964 |  73.3 |      22 |       3 |  12.0
        D:5 |    1541 |       0 |   0.0 |      20 |       0 |   0.0
        D:6 |     889 |      96 |   9.7 |      21 |       1 |   4.5
        D:7 |    2250 |    1527 |  40.4 |      24 |       5 |  17.2
        D:8 |    3493 |    2598 |  42.7 |      33 |      14 |  29.8
        D:9 |    3295 |    4065 |  55.2 |      36 |      14 |  28.0
       D:10 |    3481 |    6085 |  63.6 |      43 |      46 |  51.7
       D:11 |    3833 |     576 |  13.1 |      25 |       6 |  19.4
       D:12 |    3399 |     204 |   5.7 |      37 |       1 |   2.6
       D:13 |    6856 |    6628 |  49.2 |      39 |      16 |  29.1
       D:14 |    8518 |   18202 |  68.1 |      22 |      60 |  73.2
       D:15 |    4126 |    3963 |  49.0 |      12 |       7 |  36.8
     Lair:1 |    3481 |    1086 |  23.8 |      13 |       5 |  27.8
     Lair:2 |    3352 |    4109 |  55.1 |      12 |      15 |  55.6
     Lair:3 |    3861 |     317 |   7.6 |      14 |       2 |  12.5
     Lair:4 |    9721 |       0 |   0.0 |      33 |       0 |   0.0
     Lair:5 |   12419 |     476 |   3.7 |      30 |       1 |   3.2
     Lair:6 |    9750 |   13933 |  58.8 |      25 |      61 |  70.9
    Swamp:1 |    6944 |       0 |   0.0 |      22 |       0 |   0.0
    Swamp:2 |   17853 |    3337 |  15.7 |      37 |       2 |   5.1
    Swamp:3 |   14929 |   11338 |  43.2 |      30 |      16 |  34.8
    Swamp:4 |    9208 |   11261 |  55.0 |      16 |      18 |  52.9
      Orc:1 |   11418 |   19014 |  62.5 |      67 |      45 |  40.2
      Orc:2 |     457 |    9185 |  95.3 |      13 |      15 |  53.6
      Elf:1 |    6220 |   13253 |  68.1 |       6 |      27 |  81.8
   Depths:1 |    5582 |    1323 |  19.2 |       9 |       2 |  18.2
            +---------+---------+-------+---------+---------+-------
